 Dungeon Crawl Stone Soup version 0.30-a0-859-gf88a04b62d (webtiles) character file.

Game seed: 12118459850578175594

47 qeuew the Trooper (level 3, -3/29 HPs)
             Began as a Demonspawn Monk on Mar 6, 2023.
             Slain by Terence
             ... wielding a +0 flail
              (7 damage)
             ... on level 2 of the Dungeon.
             The game lasted 00:01:49 (1165 turns).

qeuew the Trooper (Demonspawn Monk)                 Turns: 1165, Time: 00:01:50

Health: -3/29      AC:  6    Str: 13    XL:     3   Next: 48%
Magic:  3/3        EV: 13    Int: 11    God:
Gold:   50         SH:  0    Dex: 15    Spells: 2/2 levels left

rFire   . . .      SeeInvis .    a - +0 mace
rCold   . . .      Faith    .    (no shield)
rNeg    . . .      Spirit   .    b - +0 robe
rPois   .          Reflect  .    (no helmet)
rElec   .          Rampage  .    (no cloak)
rCorr   .                        (no gloves)
Will    .....                    g - +2 pair of boots
Stlth   ++                       (no amulet)
HPRegen 0.24/turn                (no ring)
MPRegen 0.08/turn                (no ring)

@: no status effects
A: sharp scales 1
a: no special abilities


You were on level 2 of the Dungeon.
You visited 1 branch of the dungeon, and saw 2 of its levels.

You collected 50 gold pieces.

Inventory:

Hand Weapons
 a - a +0 mace (weapon)
Armour
 b - a +0 robe (worn)
 g - a +2 pair of boots (worn)
Jewellery
 f - a ring of willpower
Scrolls
 d - a scroll of fog
Potions
 c - a potion of ambrosia
 e - a potion of might
 h - a potion of mutation {unknown}


   Skills:
 + Level 3.2 Fighting
 * Level 3.2 Maces & Flails
 * Level 1.5 Armour
 + Level 3.0 Dodging
 - Level 1.7 Stealth


You had 2 spell levels left.
You didn't know any spells.
Your spell library was empty.

Dungeon Overview and Level Annotations

Branches:
Dungeon (2/15)

Altars:

Shops:
D:2 [

Annotations:
D:2 Terence


Innate Abilities, Weirdness & Mutations

You are partially covered in razor-sharp scales. (AC +1, Slay +1)


Message History

The giant cockroach is moderately wounded.
The giant cockroach barely misses you. The giant cockroach misses you.
You closely miss the giant cockroach.
The giant cockroach is moderately wounded.
The giant cockroach barely misses you.
You hit the giant cockroach.
The giant cockroach is heavily wounded.
The giant cockroach closely misses you. The giant cockroach misses you.
You hit the giant cockroach.
The giant cockroach is severely wounded.
Terence screams, "I'm going to kill you!"
The giant cockroach barely misses you.
You hit the giant cockroach but do no damage.
The giant cockroach is severely wounded.
The giant cockroach bites you. Terence hits you with a +0 flail!
The giant cockroach misses you. Terence barely misses you.
You hit the giant cockroach.
You kill the giant cockroach!
Terence hits you with a +0 flail.
You are too injured to fight recklessly!
You are too injured to fight recklessly!
Terence is nearby!
Terence is nearby!
You are too injured to fight recklessly!
You hit Terence but do no damage. Terence hits you with a +0 flail.
You hit Terence but do no damage. Terence closely misses you.
You hit Terence.
Terence is moderately wounded.
Terence barely misses you.
You hit Terence.
Terence is moderately wounded.
Terence barely misses you. Terence hits you but does no damage.
You hit Terence but do no damage.
Terence is moderately wounded.
Terence hits you with a +0 flail!
* * * LOW HITPOINT WARNING * * *
You hit Terence.
Terence is moderately wounded.
Terence hits you with a +0 flail!
You die...

#.#....†.# #.#.####.#
####.#.# #.#
##....#.####.# #
........#....#.#
##.######.#....# ##.#
#.#.############ ##.#
###...?........... ##..
...........@.......
#.>..............@......
#.........[.############
#............ #
......... #...########.
#...# #...# #...#


You could see Terence.

Vanquished Creatures
  An adder (D:2)
  2 dart slugs (D:1)
  An endoplasm (D:1)
  3 giant cockroaches
  5 goblins
  2 hobgoblins (D:1)
  4 jackals (D:1)
  2 kobolds (D:1)
  A quokka (D:2)
  3 ball pythons
  2 bats
  5 rats
31 creatures vanquished.

Notes
Turn   | Place    | Note
-------+----------+-------------------------------------------
     0 | D:1      | qeuew the Demonspawn Monk began the quest for the Orb.
     0 | D:1      | Reached XP level 1. HP: 18/18 MP: 1/1
   243 | D:1      | Gained mutation: You are partially covered in razor-sharp
                  | scales. (AC +1, Slay +1) [demonic ancestry]
   243 | D:1      | Reached XP level 2. HP: 24/24 MP: 2/2
   481 | D:1      | Reached skill level 1 in Armour
   611 | D:1      | Reached XP level 3. HP: 29/29 MP: 3/3
  1065 | D:2      | Found Qeut's Armour Boutique.
  1152 | D:2      | Noticed Terence
  1165 | D:2      | Slain by Terence

Illustrated notes

Levels and vault maps discovered:
D:1:      saegor_arrival_fortress, layout_basic, minmay_misc_feat_plants,
          amcnicky_mini_pool_small
D:2:      layout_basic, basic_altar, serial_shops, shop, uniq_natasha,
          uniq_terence

Skill      XL: |  1  2  3 |
---------------+----------+-----
Armour         | 1 |  1.5
Maces & Flails | 3 |  3.2
Dodging        | 3 |  3.0
Fighting       | |  3.2
Stealth        | |  1.7

Action                     || total
---------------------------++-------
  Melee: Mace              ||    86
    Use: Potion            ||     3
         Scroll            ||     1
   Stab: Sleeping          ||     3
 Armour: Robe              ||    27
  Dodge: Dodged            ||    75

Table legend: (Time is in decaauts)
 A = Elapsed time spent in this place.
 B = Non-inter-level travel time spent in this place.
 C = Inter-level travel time spent in this place.
 D = Time resting spent in this place.
 E = Time spent auto-exploring this place.
 F = Levels seen in this place.
 G = Mean time per level.
                   A        B        C        D        E       F      G
               +--------+--------+--------+--------+--------+-----+--------+
         Total |   1186 |   1174 |     12 |      0 |    933 |   2 |  593.0 |
       Dungeon |   1186 |   1174 |     12 |      0 |    933 |   2 |  593.0 |
               +--------+--------+--------+--------+--------+-----+--------+

Top non-repeatable levels by time:
     D:1: 883 daAuts
     D:2: 303 daAuts
